 Dungeon Crawl Stone Soup version 0.27-a0-1193-g8631133539 (webtiles) character file.

Game seed: 4856915297084359250

216 rjrrt the Chucker (level 5, -2/50 HPs)
             Began as a Troll Hunter on May 27, 2021.
             Succumbed to Sigmund's poison
             ... on level 3 of the Dungeon.
             The game lasted 00:05:38 (1896 turns).

rjrrt the Chucker (Troll Hunter)                    Turns: 1896, Time: 00:05:38

Health: -2/50      AC:  4    Str: 21    XL:     5   Next: 61%
Magic:  1/4        EV:  9    Int:  7    God:
Gold:   43         SH:  0    Dex: 10    Spells: 4/4 levels left

rFire    . . .     SeeInvis .     - Unarmed
rCold    . . .     Faith    .   (no shield)
rNeg     . . .     Spirit   +   b - +0 robe
rPois    .         Reflect  .   (helmet restricted)
rElec    .         Harm     .   (no cloak)
rCorr    .         Rampage  .   (gloves unavailable)
Will     .....                  (boots unavailable)
Stlth    +.........             a - amulet of guardian spirit
HPRegen  1.16/turn              (no ring)
MPRegen  0.09/turn              (no ring)

@: lethally poisoned (-2 -> -39)
A: large, unfitting armour, claws 3, regeneration 1, shaggy fur 1, tough skin 1
a: no special abilities


You were on level 3 of the Dungeon.
You visited 1 branch of the dungeon, and saw 3 of its levels.

You collected 43 gold pieces.

Inventory:

Hand Weapons
 h - a +2 flail of holy wrath
 n - a +0 trident
Missiles
 c - 10 large rocks
 d - 2 throwing nets
 e - 15 poisoned darts (quivered)
Armour
 b - a +0 robe (worn)
Jewellery
 a - an amulet of guardian spirit (around neck)
Scrolls
 g - a scroll of fear {unknown}
 i - 3 scrolls of immolation {unknown}
 l - a scroll of summoning {unknown}
 m - a scroll of holy word {unknown}
 o - a scroll of identify {unknown}
Potions
 f - a potion of heal wounds {unknown}
 j - a potion of mutation {unknown}
 k - a potion of flight {unknown}


   Skills:
 + Level 2.7 Fighting
 + Level 4.4 Throwing
 - Level 1.5 Dodging
 - Level 0.3 Stealth
 * Level 3.7 Unarmed Combat


You had 4 spell levels left.
You didn't know any spells.
Your spell library contained the following spells:

 Spells                   Type           Power      Damage    Failure   Level
 Beastly Appendage        Tmut           0%         N/A       43%         1
 Wereblood                Tmut           0%         N/A       56%         2
 Spider Form              Tmut/Pois      0%         N/A       80%         3
 Ice Form                 Ice/Tmut       0%         N/A       99%         4
 Hydra Form               Tmut           0%         N/A       100%        5


Dungeon Overview and Level Annotations

Branches:
Dungeon (3/15)

Altars:
Sif Muna

Annotations:
D:3 Sigmund


Innate Abilities, Weirdness & Mutations

You are too large for most types of armour.
You have claws for hands.
Your natural rate of healing is unusually fast.
You are covered in fur. (AC +1)
You have tough skin. (AC +1)


Message History

Unknown command.
You close the door.
A jelly comes into view.
The jelly quivers.
There is an open door here.
There is an open door here.
You completely miss the jelly. The jelly hits you but does no damage.
You claw the jelly!
Your claws burn!
The jelly is almost dead.
The jelly closely misses you.
Unknown command.
You barely miss the jelly.
The jelly is almost dead.
The jelly completely misses you.
You scratch the jelly.
You kill the jelly!
Sigmund says, "Your kind have come here before.
I understand now why.
You desire death..."
Unknown command.
Sigmund barely misses you.
There is an open door here.
You claw Sigmund!
Sigmund is moderately wounded.
Sigmund hits you with a +1 scythe of venom!
You are poisoned.
You barely miss Sigmund.
Sigmund is moderately wounded.
You feel very sick.
Sigmund hits you with a +1 scythe of venom!
You are lethally poisoned!
You are too injured to fight recklessly!
You closely miss Sigmund.
Sigmund is moderately wounded.
You feel extremely sick.
Sigmund hits you with a +1 scythe of venom!
* * * LOW HITPOINT WARNING * * *
You are more poisoned.
Unknown command.
You scratch Sigmund.
Sigmund is heavily wounded.
You die...

.............# .
.............#..
.......>.....'..
######.......#..
#.......# #
#.......# ##'######
########.#
.......#@##
#.......@.#
#.....†...#
#...##....# # #..
#....# .# # #....#
..# #....# ...##
..#####....##......
#...(.).....+....S.


You could see Sigmund.

Vanquished Creatures
  A jelly (D:3)
  An orc priest (D:3)
  An orc wizard (D:3)
  A gnoll (D:1)
  5 adders
  A worm (D:2)
  2 dart slugs (D:1)
  5 orcs (D:3)
  5 bats
  9 endoplasms
  3 giant cockroaches
  3 hobgoblins (D:1)
  8 jackals
  7 kobolds
  A quokka (D:1)
  2 ball pythons
  5 frilled lizards
  6 goblins
  2 rats
68 creatures vanquished.

Notes
Turn   | Place    | Note
-------+----------+-------------------------------------------
     0 | D:1      | rjrrt the Troll Hunter began the quest for the Orb.
     0 | D:1      | Reached XP level 1. HP: 19/19 MP: 0/0
   103 | D:1      | Reached skill level 1 in Unarmed Combat
   124 | D:1      | Reached XP level 2. HP: 28/28 MP: 1/1
   172 | D:1      | Found a faded altar of an unknown god.
   487 | D:1      | Reached XP level 3. HP: 35/35 MP: 2/2
  1157 | D:2      | Reached skill level 4 in Throwing
  1331 | D:2      | Reached XP level 4. HP: 19/42 MP: 3/3
  1766 | D:3      | Reached XP level 5. HP: 29/50 MP: 1/4
  1791 | D:3      | Found a shimmering blue altar of Sif Muna.
  1875 | D:3      | Noticed Sigmund
  1896 | D:3      | Succumbed to Sigmund's poison

Illustrated notes

Levels and vault maps discovered:
D:1:      psy_arrival_terrarium, layout_basic,
          hellmonk_ecumenical_altar_heavens_door
D:2:      layout_loops_cross
D:3:      layout_basic, nicolae_sif_muna_condensation, portal_sewer_entry_e,
          minmay_distorted, uniq_sigmund

Skill      XL: |  1  2  3  4 |
---------------+-------------+-----
Unarmed Combat | 1 2 3 |  3.7
Fighting       | 2 |  2.7
Throwing       | 4 |  4.4
Dodging        | |  1.5
Stealth        | |  0.3

Action                   |  1- 3 |  4- 6 || total
-------------------------+-------+-------++-------
Melee: Unarmed           |   124 |    76 ||   200
       Punch             |       |     1 ||     1
Throw: Dart              |     5 |     6 ||    11
 Stab: Sleeping          |       |     1 ||     1
Armor: Robe              |    51 |    18 ||    69
Dodge: Dodged            |    66 |    23 ||    89

Table legend: (Time is in decaauts)
 A = Elapsed time spent in this place.
 B = Non-inter-level travel time spent in this place.
 C = Inter-level travel time spent in this place.
 D = Time resting spent in this place.
 E = Time spent auto-exploring this place.
 F = Levels seen in this place.
 G = Mean time per level.
                   A        B        C        D        E       F      G
               +--------+--------+--------+--------+--------+-----+--------+
         Total |   1886 |   1856 |     30 |     12 |   1176 |   3 |  628.7 |
       Dungeon |   1886 |   1856 |     30 |     12 |   1176 |   3 |  628.7 |
               +--------+--------+--------+--------+--------+-----+--------+

Top non-repeatable levels by time:
     D:1: 970 daAuts
     D:2: 635 daAuts
     D:3: 280 daAuts
